Map: Jagannatha LE

Players

Dolan - Winner!

  • Race: Terran Terran

PattyMac

  • Race: Protoss Protoss

Event: DreamHack SC2 Masters 2021 Winter

VOD

Have the link to the VOD?

Description

Time

  • Played on: Oct. 5, 2021, 6:53 p.m.
  • Length: 8:21

All games in this series

Show
View Real Time Build Order
Export as new Build Order

Dolan Terran - Winner!

Build Orders:  

Get SALT Encoding   

  12  0:00  SCV  
  13  0:12  SCV  
  14  0:16  Supply Depot  
  14  0:24  SCV  
  15  0:38  SCV  
  15  0:39  Barracks  
  16  0:43  Refinery  
  16  0:50  SCV  
  18  1:04  SCV  
  18  1:16  SCV  
  19  1:26  Marine  
  19  1:28  Orbital Command  
  20  1:42  Command Center  
  20  1:45  Barracks Reactor  
  20  1:55  Refinery  
  20  1:57  Supply Depot  
  20  1:59  Factory  
  20  2:03  SCV  
  20  2:04  Bunker  
  20  2:07  Engineering Bay  
  21  2:13  Marine  
  22  2:20  SCV  
  22  2:31  Barracks Reactor  
  22  2:39  SCV  
  22  2:43  Factory Tech Lab  
  23  2:52  Command Center  
  23  3:01  Cyclone  
  23  3:03  SCV  
  27  3:09  Marine  
  27  3:10  Marine  
  29  3:20  SCV, Supply Depot  
  29  3:32  SCV  
  28  3:36  Starport  
  28  3:40  Factory Tech Lab  
  28  3:44  SCV  
  29  3:50  Marine x2  
  31  4:03  SCV, Siege Tank  
  31  4:04  Orbital Command  
  35  4:19  Raven  
  35  4:20  Barracks  
  35  4:22  Orbital Command  
  35  4:23  SCV  
  38  4:35  SCV  
  38  4:38  Barracks  
  39  4:44  Marine x2  
  41  4:47  SCV  
  41  4:51  SCV, Engineering Bay  
  43  4:58  Factory Reactor  
  43  4:59  SCV  
  44  5:08  SCV  
  44  5:11  SCV  
  44  5:12  Marine x2  
  48  5:17  Marine  
  48  5:18  Stimpack  
  48  5:19  Starport Reactor  
  49  5:21  Terran Infantry Weapons Level 1  
  49  5:23  SCV x2  
  49  5:26  Supply Depot  
  51  5:33  Marine x2  
  54  5:38  Supply Depot  
  54  5:40  Combat Shield  
  54  5:44  SCV  
  54  5:47  SCV, Marauder x2  
  59  5:54  Supply Depot  
  59  5:59  SCV, Widow Mine, Marine x2  
  59  6:00  SCV, Widow Mine  
  59  6:03  Supply Depot  
  67  6:10  Refinery  
  67  6:12  Marauder  
  67  6:15  SCV x2, Marauder  
  73  6:18  Marine x2  
  73  6:23  Medivac  
  73  6:24  Medivac  
  79  6:26  Supply Depot  
  79  6:29  Supply Depot  
  79  6:33  SCV x2  
  79  6:43  Marauder, Marine x2  
  79  6:44  Marauder  
  79  6:45  SCV  
  79  6:46  SCV  
  86  6:53  Widow Mine x2  
  90  6:57  Supply Depot  
  90  6:58  SCV x2  
  88  7:10  Marauder x2, Marine x2  
  93  7:21  Widow Mine x2  
  96  7:27  Medivac x2  
  96  7:28  Marine x2  
  102  7:32  Marauder x2  
  106  7:45  Widow Mine x2  
  106  7:49  SCV x2, Marine x2  
  114  7:53  Marauder x2  
Show
View Real Time Build Order
Export as new Build Order

PattyMac Protoss 

Build Orders: Oracle Opening, Blink Stalkers 

Get SALT Encoding   

  12  0:00  Probe  
  13  0:12  Probe  
  14  0:17  Pylon  
  14  0:24  Probe (Chrono Boost)  
  15  0:36  Gateway, Probe (Chrono Boost)  
  16  0:44  Probe (Chrono Boost)  
  16  0:46  Assimilator  
  17  0:51  Probe  
  17  0:56  Assimilator  
  18  1:03  Probe  
  19  1:07  Pylon  
  19  1:15  Probe  
  20  1:24  Cybernetics Core  
  20  1:27  Probe  
  23  1:39  Probe  
  24  1:46  Pylon  
  24  1:51  Probe  
  23  2:01  Adept (Chrono Boost)  
  23  2:02  Stargate  
  23  2:05  Probe  
  23  2:06  Warp Gate  
  26  2:17  Probe  
  27  2:29  Adept  
  30  2:43  Oracle (Chrono Boost)  
  32  3:01  Nexus  
  32  3:04  Probe  
  33  3:16  Twilight Council  
  33  3:17  Probe (Chrono Boost)  
  35  3:28  Probe (Chrono Boost)  
  35  3:33  Probe (Chrono Boost)  
  35  3:41  Gateway  
  36  3:44  Gateway, Probe  
  37  3:52  Blink (Chrono Boost)  
  37  3:54  Sentry  
  39  4:06  Shield Battery  
  39  4:08  Phoenix  
  39  4:13  Probe (Chrono Boost)  
  41  4:18  Probe (Chrono Boost)  
  41  4:22  Probe (Chrono Boost)  
  42  4:25  Pylon  
  42  4:27  Probe (Chrono Boost)  
  42  4:29  Probe  
  42  4:30  Robotics Facility  
  44  4:32  Assimilator  
  44  4:38  Probe  
  44  4:40  Stalker  
  44  4:41  Probe  
  44  4:45  Pylon  
  48  4:50  Probe, Stalker  
  51  4:54  Probe  
  52  5:02  Probe  
  52  5:05  Stalker x2  
  52  5:06  Probe  
  58  5:14  Pylon  
  58  5:15  Probe  
  58  5:18  Observer (Chrono Boost), Probe  
  61  5:23  Assimilator  
  61  5:24  Stalker  
  61  5:27  Probe  
  64  5:30  Probe  
  64  5:31  Observer (Chrono Boost)  
  66  5:39  Nexus  
  66  5:40  Phoenix  
  66  5:45  Pylon  
  66  5:52  Robotics Bay  
  66  5:53  Gateway  
  66  5:57  Probe x2  
  68  6:09  Probe  
  68  6:10  Probe  
  70  6:13  Gateway  
  70  6:15  Gateway  
  70  6:17  Charge (Chrono Boost)  
  70  6:18  Gateway  
  70  6:22  Probe  
  71  6:32  Stalker x3  
  77  6:40  Colossus (Chrono Boost)  
  80  6:47  Pylon  
  80  6:51  Shield Battery  
  80  6:52  Probe  
  81  6:55  Probe  
  81  6:58  Sentry  
  78  7:10  Zealot x5  
  86  7:18  Probe x2  
  86  7:19  Pylon  
  86  7:21  Zealot  
  86  7:22  Pylon  
  90  7:26  Stalker  
  88  7:30  Pylon  
  88  7:32  Probe  
  88  7:41  Zealot x3  
  91  7:46  Probe  
  91  7:47  Shield Battery  
  79  7:58  Zealot x3  
  75  8:06  Zealot x3  
  75  8:12  Zealot  

Tags
 
Add a new tag
Caveats
  • Supply blocks, unpowered buildings, or Contaminate may cause inaccurate times.
  • Supply counts are checked every 10 seconds.